 Dungeon Crawl Stone Soup version 0.25.1-2-g60ff931df9 (webtiles) character file.

Game seed: 11969559646643460093

12383 DearestLeader the Cleaver (level 11, -3/81 HPs)
             Began as a Demonspawn Gladiator on Oct 23, 2020.
             Was an Elder of Qazlal.
             Slain by a death yak (8 damage)
             ... led by a torpor snail
             ... on level 2 of the Lair of Beasts.
             The game lasted 00:22:03 (13092 turns).

DearestLeader the Cleaver (Demonspawn Gladiator)   Turns: 13092, Time: 00:22:04

Health: -3/81      AC: 20    Str: 17    XL:     11   Next: 61%
Magic:  0/17       EV:  7    Int: 11    God:    Qazlal [****..]
Gold:   561        SH:  5    Dex: 14    Spells: 10/10 levels left

rFire    + + .     SeeInvis .   G - +1 battleaxe (venom)
rCold    . . .     Gourm    .   (shield currently unavailable)
rNeg     . . .     Faith    .   F - +0 plate armour
rPois    .         Spirit   +   c - +0 helmet
rElec    .         Reflect  .   t - +2 cloak
rCorr    +         Harm     .   (no gloves)
MR       .....                  i - +0 pair of boots
Stlth    ..........             (no amulet)
HPRegen  0.23/turn              u - ring of resist corrosion
MPRegen  0.15/turn              P - ring of protection from fire

@: slowed, repel missiles, very slow
A: claws 1, fire resistance 1, magic shield, flame cloud immunity
a: Upheaval, Elemental Force, Renounce Religion


You were on level 2 of the Lair of Beasts.
You worshipped Qazlal.
Qazlal was greatly pleased with you.
You were near starving.

You visited 3 branches of the dungeon, and saw 13 of its levels.

You collected 561 gold pieces.

Inventory:

Hand Weapons
 G - a +1 battleaxe of venom (weapon)
Missiles
 d - 5 throwing nets
 r - 8 poisoned darts (quivered)
Armour
 c - a +0 helmet (worn)
 i - a +0 pair of boots (worn)
 t - a +2 cloak (worn)
 F - a +0 plate armour (worn)
Jewellery
 k - an uncursed ring of fire
 u - a ring of resist corrosion (left claw)
 P - a ring of protection from fire (right claw)
Wands
 a - a wand of iceblast (5)
 n - a wand of flame (10)
 s - a wand of random effects (15)
 v - a wand of enslavement (6)
 E - a wand of digging (4)
Scrolls
 e - 2 scrolls of remove curse
 g - 5 scrolls of enchant weapon
 j - a scroll of blinking {unknown}
 m - 4 scrolls of magic mapping
 o - 5 scrolls of teleportation
 p - a scroll of noise {unknown}
 w - 2 scrolls of fog {unknown}
 y - a scroll of fear {unknown}
 B - 2 scrolls of summoning
 J - 2 scrolls of amnesia {unknown}
 K - a scroll of immolation {unknown}
 L - a scroll of random uselessness {unknown}
 M - a scroll of enchant armour {unknown}
Potions
 h - a potion of berserk rage {unknown}
 l - 2 potions of flight
 x - 4 potions of curing
 z - 2 potions of might
 A - a potion of cancellation
 D - 3 potions of lignification
 H - 4 potions of stabbing
 I - 2 potions of haste
 N - a potion of resistance
Comestibles
 f - 18 rations


   Skills:
 - Level 6.1 Fighting
 * Level 11.4 Axes
 - Level 1.7 Throwing
 + Level 9.1 Armour
 - Level 3.3 Dodging
 - Level 4.0 Unarmed Combat
 + Level 8.4 Invocations


You had 10 spell levels left.
You didn't know any spells.
Your spell library was empty.

Dungeon Overview and Level Annotations

Branches:
Dungeon (10/15)            Temple (1/1) D:4            Lair (2/6) D:8
  Swamp: Lair:2-4    Shoals: Lair:2-4     Snake: Lair:2-4    Spider: Lair:2-4
    Orc: D:9-12

Altars:
Ashenzari
Cheibriados
Dithmenos
Elyvilon
Fedhas
Gozag
Hepliaklqana
Kikubaaqudgha
Makhleb
Nemelex Xobeh
Okawaru
Qazlal
Ru
Sif Muna
Trog
Uskayaw
Vehumet
Wu Jian
Xom
Yredelemnul
Zin
The Shining One

Annotations:
D:10 Fannar


Innate Abilities, Weirdness & Mutations

You have sharp fingernails.
Your flesh is heat resistant. (rF+)
When hurt, damage is shared between your health and your magic reserves.
You are immune to clouds of flame.


Message History

The torpor snail is severely wounded.
You slash the death yak!
The death yak looks as sick as possible!
The death yak gores you! You block the torpor snail's attack.
The death yak gores you.
You hit the torpor snail.
The torpor snail looks as sick as possible!
The torpor snail is almost dead.
You slash the death yak!
The death yak looks as sick as possible!
The death yak gores you. The torpor snail bites you!
* * * LOW HITPOINT WARNING * * *
The death yak gores you!
* * * LOW HITPOINT WARNING * * *
The torpor snail bites you but does no damage.
The death yak is engulfed in blazing flames.
The death yak gores you!
* * * LOW HITPOINT WARNING * * *
The death yak gores you!
You die...

#... .# ##
...#####..##.##...
#.................%
##....%....°........
............○.# ...
......P##...w.##...#
..........☼...○.....
..........°†§Y°.....
............@.☼.....
....................
..............☼.....
....................
###....#............
#........<..P.P...##
#.....#.P.........#
#..................
.................


You could see a death yak (very poisoned) and a torpor snail (extremely
poisoned).

Vanquished Creatures
  Gastronok (D:8)
  Harold (D:8)
  A two-headed ogre (D:7)
  A spiny frog (Lair:1)
  2 black mambas (Lair:1)
  A kobold demonologist (D:10)
  A komodo dragon (Lair:2)
  3 hippogriffs (Lair:1)
  A human (D:10)
  11 yaks
  2 hungry ghosts
  Grum (D:9)
  A porcupine (Lair:1)
  4 water moccasins
  2 sky beasts
  4 phantoms
  2 orc warriors
  2 ice beasts
  2 black bears (Lair:1)
  4 wolves (D:9)
  4 ogres
  2 crocodiles
  A big kobold (D:9)
  8 bullfrogs
  4 scorpions
  7 killer bees
  5 wights (D:7)
  4 howler monkeys
  2 crimson imps
  A lava snake (D:8)
  Crazy Yiuf (D:4)
  A quasit (D:8)
  An orc priest (D:6)
  2 bullfrog skeletons
  6 hounds
  3 orc wizards
  3 centaur skeletons
  2 jellies
  An iguana (D:6)
  Terence (D:3)
  11 worker ants
  2 killer bee zombies
  A hound zombie (D:5)
  A hound skeleton (D:4)
  7 gnolls
  11 adders
  2 shadow imps
  5 oozes
  An adder zombie (D:9)
  3 worms
  6 dart slugs
  7 leopard geckos
  27 orcs
  8 giant cockroaches
  15 goblins
  7 hobgoblins
  7 jackals
  3 quokkas
  A ball python (D:8)
  8 bats
  6 frilled lizards
  A jackal skeleton (D:7)
  11 kobolds
  A quokka skeleton (D:4)
  8 rats
  A fungus (Lair:2)
267 creatures vanquished.

Notes
Turn   | Place    | Note
-------+----------+-------------------------------------------
     0 | D:1      | DearestLeader the Demonspawn Gladiator began the quest for
                  | the Orb.
     0 | D:1      | Reached XP level 1. HP: 16/16 MP: 1/1
   240 | D:1      | Reached skill level 3 in Axes
   249 | D:1      | Gained mutation: When hurt, damage is shared between your
                  | health and your magic reserves. [demonic ancestry]
   249 | D:1      | Reached XP level 2. HP: 22/22 MP: 2/2
   420 | D:1      | Gained mutation: Your flesh is heat resistant. (rF+)
                  | [demonic ancestry]
   420 | D:1      | Reached XP level 3. HP: 17/27 MP: 1/3
  1629 | D:2      | Reached skill level 4 in Axes
  1629 | D:2      | Gained mutation: You are immune to clouds of flame.
                  | [demonic ancestry]
  1629 | D:2      | Reached XP level 4. HP: 33/33 MP: 4/4
  2252 | D:3      | Reached skill level 1 in Armour
  2286 | D:3      | Reached XP level 5. HP: 4/38 MP: 2/5
  2822 | D:3      | Found an ancient bone altar of Kikubaaqudgha.
  2823 | D:3      | Noticed Terence
  2847 | D:3      | Killed Terence
  3211 | D:3      | Reached skill level 5 in Axes
  3562 | D:4      | Noticed an ogre
  3889 | D:4      | Killed an ogre
  3889 | D:4      | Reached XP level 6. HP: 44/44 MP: 6/6
  4243 | D:4      | Found a staircase to the Ecumenical Temple.
  4260 | Temple   | Entered the Ecumenical Temple
  4446 | Temple   | Became a worshipper of Qazlal Stormbringer
  4519 | D:4      | Reached skill level 6 in Axes
  4519 | D:4      | Gained mutation: You have sharp fingernails. [demonic
                  | ancestry]
  4519 | D:4      | Reached XP level 7. HP: 26/50 MP: 4/7
  4789 | D:4      | Found a runed translucent door.
  4790 | D:4      | Noticed Crazy Yiuf
  4798 | D:4      | Killed Crazy Yiuf
  4943 | D:5      | Entered Level 5 of the Dungeon
  5048 | D:5      | Found a bloodstained altar of Trog.
  6247 | D:6      | Reached XP level 8. HP: 40/61 MP: 6/8
  6532 | D:6      | Reached skill level 5 in Fighting
  7049 | D:6      | Found an opulent altar of Gozag.
  7063 | D:6      | Reached skill level 5 in Armour
  7063 | D:6      | Reached skill level 1 in Unarmed Combat
  7492 | D:6      | Reached * piety under Qazlal
  7840 | D:6      | Reached XP level 9. HP: 16/69 MP: 5/9
  8274 | D:7      | Noticed a two-headed ogre
  8294 | D:7      | Killed a two-headed ogre
  8294 | D:7      | Reached skill level 7 in Axes
  9058 | D:7      | Found a shimmering altar of Xom.
  9058 | D:7      | Found a shimmering altar of Xom.
  9058 | D:7      | Found a shimmering altar of Xom.
  9147 | D:8      | Reached ** piety under Qazlal
  9186 | D:8      | Found a sacrificial altar of Ru.
  9190 | D:8      | Reached skill level 8 in Axes
  9309 | D:8      | Noticed Gastronok
  9323 | D:8      | Killed Gastronok
  9323 | D:8      | Reached skill level 9 in Axes
  9323 | D:8      | Reached XP level 10. HP: 15/76 MP: 0/13
  9675 | D:8      | Noticed Harold
  9691 | D:8      | Killed Harold
  9691 | D:8      | Reached skill level 5 in Invocations
  9822 | D:8      | Found a staircase to the Lair.
 10410 | D:9      | Reached skill level 10 in Axes
 10591 | D:9      | Reached *** piety under Qazlal
 10817 | D:9      | Noticed Grum
 10834 | D:9      | Killed Grum
 11255 | D:9      | Found a white marble altar of Elyvilon.
 11430 | D:10     | Entered Level 10 of the Dungeon
 11438 | D:10     | Reached XP level 11. HP: 60/81 MP: 9/15
 11578 | D:10     | Noticed Fannar
 11736 | Lair:1   | Entered Level 1 of the Lair of Beasts
 11784 | Lair:1   | Reached **** piety under Qazlal
 11801 | Lair:1   | Reached skill level 11 in Axes
 13082 | Lair:2   | Noticed a death yak
 13090 | Lair:2   | HP: 4/81 [death yak[a torpor snail] (8)]
 13092 | Lair:2   | Slain by a death yak

Illustrated notes

Levels and vault maps discovered:
D:1:      onia_arrival_mini_maze_b, layout_basic
D:2:      layout_basic
D:3:      layout_loops_ring, kiku_gazebo_pond_becter, first_ration, uniq_terence
D:4:      layout_basic, minmay_temple_entry_wispy, fountainhead,
          uniq_crazy_yiuf_cottage
D:5:      layout_loops_corners, marbit_many_paths, kennysheep_generic_room_15
D:6:      kennysheep_spiral_hall, layout_basic, nicolae_overflow_hidden_temple,
          st_stairs_3
D:7:      layout_rooms, xom_shifter_show
D:8:      layout_rooms, nicolae_ru_great_annihilating_truth, lair_entry_dummy,
          small_statue_intersection, kennysheep_island_fort, uniq_harold,
          uniq_gastronok
D:9:      layout_stronghold, kennysheep_mini, uniq_grum
D:10:     layout_cave_pods, minivault_25_ag, david_nohive_1, roderic_lattice_a,
          okawaru_humans, uniq_fannar, uniq_erolcha, uniq_josephine, uniq_erica
Temple:   nicolae_temple_elliptical
Lair:1:   layout_long_grid, grunt_megastairs_2, lemuel_fruit_fields
Lair:2:   layout_gridlike, serial_bayou_shore_b

Skill      XL: |  1  2  3  4  5  6  7  8  9 10 11 |
---------------+----------------------------------+-----
Axes           | 3 4 5 6 9 10 11 | 11.4
Dodging        | 3 |  3.3
Armour         | 1 2 3 4 5 7 8 9 |  9.1
Fighting       | 4 6 |  6.1
Unarmed Combat | 4 |  4.0
Invocations    | 4 6 8 |  8.4
Throwing       | |  1.7

Action                   |  1- 3 |  4- 6 |  7- 9 | 10-12 || total
-------------------------+-------+-------+-------+-------++-------
Melee: War axe           |    93 |   216 |   214 |       ||   523
       Halberd           |       |       |    10 |       ||    10
       Battleaxe         |       |       |   105 |   325 ||   430
Throw: Throwing net      |     1 |       |     1 |       ||     2
       Dart              |       |     9 |     8 |       ||    17
Evoke: Wand              |       |     5 |       |       ||     5
  Use: Potion            |       |     3 |     1 |       ||     4
       Scroll            |       |       |       |    10 ||    10
 Stab: Held in net/web   |     2 |       |     1 |       ||     3
       Sleeping          |     1 |       |       |       ||     1
       Invisible         |       |       |     1 |       ||     1
       Paralysed         |       |       |     1 |       ||     1
  Eat: Chunk             |     2 |    10 |    15 |    14 ||    41
       Ration            |       |       |       |     6 ||     6
Armor: Leather armour    |    19 |       |       |       ||    19
       Chain mail        |     2 |   176 |   171 |       ||   349
       Plate armour      |       |       |    89 |   305 ||   394
Dodge: Dodged            |    75 |   114 |   164 |   111 ||   464
Block: Other             |       |       |    13 |    57 ||    70
